 Dungeon Sprint DCSS version 0.17-a0-1504-gb7d9117 (webtiles) character file.

54 nuthulu the Magician (level 3, -13/19 HPs)
             Began as a Deep Elf Conjurer on July 7, 2015.
             Was an Initiate of Vehumet.
             Mangled by a tarantella (18 damage)
             ... in the Dungeon (Sprint V: "Ziggurat Sprint").
             The game lasted 00:00:59 (73 turns).

nuthulu the Magician (Deep Elf Conjurer)              Turns: 73, Time: 00:00:59

Health: -13/19     AC:  2    Str:  6    XL:     3   Next: 66%
Magic:  11/13      EV: 16    Int: 31    God:    Vehumet [......]
Gold:   0          SH:  0    Dex: 15    Spells: 1 memorised, 15 levels left

rFire  . . .     SeeInvis .     (no weapon)
rCold  . . .     Clarity  .     a - +0 robe
rNeg   . . .     SustAt   .     (no shield)
rPois  .         Gourm    .     (no helmet)
rElec  .         Spirit   .     (no cloak)
rCorr  .         Warding  .     (no gloves)
rMut   .         NoTele   +     (no boots)
MR     .....                    (no amulet)
Stlth  ++........               F - +6 ring of intelligence
                                E - +6 ring of intelligence

@: very slightly contaminated, not resistant to hostile enchantments, unstealthy
A: no striking features
a: Renounce Religion


You were in the Dungeon.
You worshipped Vehumet.
Vehumet was noncommittal.
You were not hungry.

You visited 1 branch

Inventory:

Armour
 a - a +0 robe (worn)
Jewellery
 C - a +6 ring of dexterity
 D - a +6 ring of dexterity
 E - a +6 ring of intelligence (left hand)
 F - a +6 ring of intelligence (right hand)
 G - a +6 ring of strength
 H - a +6 ring of strength
Magical devices
 y - a wand of disintegration (7)
 z - a wand of fire (3)
 A - a wand of cold (4)
 B - a wand of draining (5)
Scrolls
 i - 3 scrolls of blinking
 p - 4 scrolls of amnesia
 q - 3 scrolls of recharging
 r - 7 scrolls of fog
 s - a scroll of holy word
 t - 5 scrolls of identify
 u - 5 scrolls of remove curse
 v - 2 scrolls of fear
Potions
 d - 10 potions of curing
 e - 9 potions of heal wounds
 f - 8 potions of haste
 g - 7 potions of magic
 h - 3 potions of berserk rage
 j - 2 potions of brilliance
 k - 2 potions of invisibility
 l - 4 potions of resistance
 n - 4 potions of agility
 o - 5 potions of might
Books
 b - a book of Conjurations

   Spells                             Type                      Level
   a - Magic Dart                     Conjuration                  1
   b - Searing Ray                    Conjuration                  2
   c - Dazzling Spray                 Conjuration/Hexes            3
   d - Fulminant Prism                Conjuration/Hexes            4
   e - Iskenderun's Mystic Blast      Conjuration                  4
   f - Iskenderun's Battlesphere      Conjuration/Charms           5
Comestibles
 c - 5 bread rations
 w - 42 fruits
 x - 4 meat rations


   Skills:
 + Level 6.6 Dodging
 - Level 2.4 Stealth
 + Level 7.4 Spellcasting
 + Level 7.2 Conjurations


You had 15 spell levels left.
You knew the following spells:

 Your Spells              Type           Power        Failure   Level  Hunger
a - Magic Dart            Conj           ####         1%          1    None


Dungeon Overview and Level Annotations

Branches:
Dungeon (1/1)

Altars:
Ashenzari
Cheibriados
Dithmenos
Elyvilon
Fedhas
Gozag
Kikubaaqudgha
Makhleb
Nemelex Xobeh
Okawaru
Qazlal
Ru
Sif Muna
Trog
Vehumet
Xom
Yredelemnul
Zin
The Shining One
Beogh
Jiyva
Lugonu


Message History

Zapping:
A - a wand of cold (5)
Press: ? - help, Shift-Dir - straight line, f - tarantella
Aim: a tarantella This wand has 4 charges left.
You feel less confused. The tarantella bites you.
Drink which item? (? for menu, Esc to quit)
You feel much better. The tarantella bites you!
Ouch! That really hurt!
* * * LOW HITPOINT WARNING * * *
The tarantella closely misses you.
Read which item? (? for menu, Esc to quit)
Blink to where?
Press: ? - help, Dir - move target cursor, p - tarantella You are very lightly contaminated with residual magic.
As you read the scroll of blinking, it crumbles to dust.
f - 8 potions of haste (gained 2)
The tarantella bites you!!
Ouch! That really hurt!
You die...

▓▓▓▓▓▓▓
▓.8©8.▓
▓.....▓
▓.|.@.▓
▓...s.▓
▓.....▓
▓.....▓
▓▓▓▓▓▓▓


You could see a tarantella.

Vanquished Creatures
  A scorpion (D)
1 creature vanquished.

Notes
Turn   | Place    | Note
--------------------------------------------------------------
     0 | D        | nuthulu the Deep Elf Conjurer began the quest for the Orb.
     0 | D        | Reached XP level 1. HP: 10/10 MP: 6/6
     0 | D        | Found a roughly hewn altar of Beogh.
     0 | D        | Found a corrupted altar of Lugonu.
     0 | D        | Found a viscous altar of Jiyva.
     0 | D        | Found a white marble altar of Elyvilon.
     0 | D        | Found a sparkling altar of Nemelex Xobeh.
     0 | D        | Found a burning altar of Makhleb.
     0 | D        | Found an iron altar of Okawaru.
     0 | D        | Found a deep blue altar of Sif Muna.
     0 | D        | Found a radiant altar of Vehumet.
     0 | D        | Found a bloodstained altar of Trog.
     0 | D        | Found a shimmering altar of Xom.
    18 | D        | Reached skill level 5 in Dodging
    18 | D        | Reached skill level 6 in Spellcasting
    18 | D        | Reached XP level 2. HP: 15/15 MP: 7/11
    61 | D        | Became a worshipper of Vehumet
    67 | D        | Entered arena 1.
    67 | D        | Noticed a tarantella
    67 | D        | Noticed a scorpion
    69 | D        | Killed a scorpion
    69 | D        | Reached skill level 7 in Spellcasting
    69 | D        | Reached XP level 3. HP: 19/19 MP: 11/13
    73 | D        | Mangled by a tarantella

Vault maps used:
D:        sprint_v

Action                   || total
-------------------------++-------
Evoke: Wand              ||     3
  Use: Potion            ||     3
       Scroll            ||     1
